 Dungeon Crawl Stone Soup version 0.16-a0-3533-gc382f62 (webtiles) character file.

529204 PolkaDot the Sensei (level 24, -1/239 HPs)
             Began as a Black Draconian Monk on Jan 7, 2015.
             Was the Champion of Qazlal.
             Slain by a titan simulacrum (47 damage)
             ... summoned by a curse skull
             ... on level 1 of the Crypt on Jan 8, 2015.
             The game lasted 05:12:20 (61637 turns).

PolkaDot the Sensei (Black Draconian Monk)         Turns: 61637, Time: 05:12:20

Health: -1/239     AC: 21    Str: 17    XL:     24   Next: 90%
Magic:  34/34      EV: 35    Int: 18    God:    Qazlal [******]
Gold:   5721       SH:  8    Dex: 23    Spells: 6 memorised, 9 levels left

rFire  . . .     SeeInvis +       - Unarmed
rCold  . . .     Clarity  .     (armour unavailable)
rNeg   . . .     SustAb   .     (no shield)
rPois  .         Gourm    .     e - +0 mask of the Dragon {MR+ Slay+3 SInv}
rElec  +         Spirit   .     g - +2 cloak (curse)
rCorr  .         Warding  .     G - +2 pair of fencer's gloves {EV+3 Dex+6 Slay+2}
rMut   .         Stasis   .     W - +2 pair of boots
MR     +++..                    u - amulet of Vitality {HP+15 Regen} (curse)
Stlth  +.........               S - ring "Humow" {rC+ Str+2}
                                o - ring of Ibefae {rC- MR+ Slay+6 SInv} (curse)

@: about to teleport, flying, repel missiles, extremely resistant to hostile
enchantments, very unstealthy
A: breathe lightning, able to fly continuously, unfitting armour, big wings,
horns 1, stinger 1, agile 1, dopey 1, electricity resistance, cold-blooded, AC
+12
a: Breathe Lightning, Stop Flying, Upheaval, Elemental Force, Disaster Area,
Renounce Religion
}: 2/15 runes: serpentine, barnacled


You were on level 1 of the Crypt.
You worshipped Qazlal.
Qazlal was exalted by your worship.
You were not hungry.

You visited 9 branches of the dungeon, and saw 50 of its levels.
You visited 1 ziggurat, and saw 9 of its levels.
You also visited: Volcano and Wizlab.

You collected 8530 gold pieces.
You spent 2809 gold pieces at shops.

Inventory:

Missiles
 R - 18 throwing nets (quivered)
Armour
 e - the +0 mask of the Dragon (worn) {MR+ Slay+3 SInv}
   (You found it on level 3 of the Vaults)

   It affects your accuracy and damage with ranged weapons and melee attacks
   (+3).
   It affects your resistance to hostile enchantments.
   It enhances your eyesight.
 g - a cursed +2 cloak (worn)
 G - the +2 pair of fencer's gloves (worn) {EV+3 Dex+6 Slay+2}
   (You acquired it on level 5 of the Lair of Beasts)

   It affects your evasion (+3).
   It affects your dexterity (+6).
   It affects your accuracy and damage with ranged weapons and melee attacks
   (+2).
 W - a +2 pair of boots (worn)
Jewellery
 o - the cursed ring of Ibefae (left hand) {rC- MR+ Slay+6 SInv}
   (You found it on level 5 of a ziggurat)

   [ring of protection from magic]

   It affects your accuracy and damage with ranged weapons and melee attacks
   (+6).
   It makes you vulnerable to cold.
   It affects your resistance to hostile enchantments.
   It enhances your eyesight.
   It has a curse placed upon it.
 u - the cursed amulet of Vitality (around neck) {HP+15 Regen}
   (You took it off a mummy priest on level 14 of the Dungeon)

   [amulet of regeneration]

   It affects your health (+15).
   It increases your rate of regeneration.
   It has a curse placed upon it.
 w - the cursed ring "Kuzxa" {Wiz Int+2 Dex+3}
   (You found it on level 3 of the Vaults)

   [ring of wizardry]

   It improves your spell success rate.
   It affects your intelligence (+2).
   It affects your dexterity (+3).
   It has a curse placed upon it.
 x - a cursed amulet of clarity
 y - the ring of Smixeip {rPois Str+3 Stlth+}
   (You found it on level 7 of a ziggurat)

   [ring of poison resistance]

   It affects your strength (+3).
   It protects you from poison.
   It makes you more stealthy.
 E - the cursed ring of Maweapif {rF+ Int+2}
   (You found it on level 9 of a ziggurat)

   [ring of protection from fire]

   It affects your intelligence (+2).
   It protects you from fire.
   It has a curse placed upon it.
 S - the ring "Humow" (right hand) {rC+ Str+2}
   (You found it on level 5 of a ziggurat)

   [ring of protection from cold]

   It affects your strength (+2).
   It protects you from cold.
Magical devices
 k - a wand of teleportation (4)
 I - a wand of hasting (1)
 V - a wand of heal wounds (0)
Scrolls
 a - 13 scrolls of teleportation
 d - 24 scrolls of remove curse
 j - 11 scrolls of enchant armour
 n - 12 scrolls of magic mapping
 s - 8 scrolls of recharging
 B - a scroll of holy word
 K - 5 scrolls of summoning
 M - a scroll of fear
 O - 4 scrolls of blinking
 P - 13 scrolls of identify
 T - 3 scrolls of fog
 Y - 9 scrolls of immolation
Potions
 c - a potion of berserk rage
 h - 4 potions of cure mutation {!q}
 p - 6 potions of brilliance
 r - a potion of cancellation
 A - 3 potions of haste
 C - 13 potions of curing
 F - 3 potions of might
 H - 2 potions of resistance
 U - 5 potions of magic
 X - 2 potions of agility
 Z - 9 potions of restore abilities
Books
 i - a book of the Tempests

   Spells                             Type                      Level
   a - Static Discharge               Conjuration/Air              3
   b - Lightning Bolt                 Conjuration/Air              5
   c - Fireball                       Conjuration/Fire             5
   d - Tornado                        Air                          9
   e - Shatter                        Earth                        9
 m - an Akashic Record {highlevel}

   This book is beyond your current level of understanding.

   Spells                             Type                      Level
   a - Dispersal                      Translocation                6
   b - Controlled Blink               Translocation                7
   c - Malign Gateway                 Summoning/Translocation      7
   d - Disjunction                    Translocation                8
   e - Singularity                    Translocation                9
 t - a book of Enchantments

   Spells                             Type                      Level
   a - Tukima's Dance                 Hexes                        3
   b - Cause Fear                     Hexes                        4
   c - Silence                        Hexes/Air                    5
   d - Deflect Missiles               Charms/Air                   6
   e - Haste                          Charms                       6
   f - Discord                        Hexes                        8
 D - Iskenderun's Volume of Battle Magic
   (You found it on level 7 of a ziggurat)

   Spells                             Type                      Level
   a - Mephitic Cloud                 Conjuration/Poison/Air       3
   b - Dazzling Spray                 Conjuration/Hexes            3
   c - Poisonous Cloud                Conjuration/Poison/Air       6
 L - a book of the Sky

   Spells                             Type                      Level
   a - Flight                         Charms/Air                   3
   b - Airstrike                      Air                          4
   c - Silence                        Hexes/Air                    5
   d - Deflect Missiles               Charms/Air                   6
   e - Conjure Ball Lightning         Conjuration/Air              6
   f - Tornado                        Air                          9
 N - a book of Burglary

   Spells                             Type                      Level
   a - Swiftness                      Charms/Air                   2
   b - Passwall                       Transmutation/Earth          3
   c - Passage of Golubria            Translocation                4
   d - Lee's Rapid Deconstruction     Earth                        5
   e - Invisibility                   Hexes                        6
   f - Darkness                       Hexes                        7
Miscellaneous
 J - a lantern of shadows
 Q - a fan of gales
Comestibles
 b - 13 bread rations
 f - 18 meat rations
 l - 9 slices of pizza
 q - 21 fruits
 v - 10 beef jerkies
 z - 2 royal jellies


   Skills:
 - Level 20.1 Fighting
 - Level 18.4 Dodging
 - Level 1.7 Stealth
 - Level 24.5 Unarmed Combat
 + Level 4.5 Spellcasting
 + Level 9.7 Charms
 - Level 11.0 Translocations
 * Level 17.7 Transmutations
 - Level 10.0 Invocations


You had 9 spell levels left.
You knew the following spells:

 Your Spells              Type           Power        Failure   Level  Hunger
a - Apportation           Tloc           #####.....   1%          1    None
c - Control Teleport      Chrm/Tloc      #####.....   1%          4    ####...
d - Dragon Form           Trmt           ######....   12%         7    #######
q - Blink                 Tloc           N/A          1%          2    #......
r - Regeneration          Chrm/Necr      ###.......   6%          3    ###....
H - Haste                 Chrm           #####...     45%         6    #######


Dungeon Overview and Level Annotations

Branches:
Dungeon (15/15)            Temple (0/1) D:7            Lair (8/8) D:8
 Shoals (5/5) Lair:3        Snake (5/5) Lair:5        Slime (0/6) Lair:6
    Orc (4/4) D:11            Elf (3/3) Orc:4        Vaults (4/5) D:13
  Crypt (1/3) Vaults:2     Depths (5/5) D:15            Zot (0/5) Depths:5

Altars:
Ashenzari
Gozag
Kikubaaqudgha
Qazlal
Sif Muna
Trog
Vehumet
Jiyva

Shops:
D:6 [   D:10 *(   D:11 ?%=?[   D:15 [   Orc:1 :   Orc:3 *[[}!   Orc:4 ?}:[*
Elf:1 (   Shoals:2 }   Shoals:4 :   Snake:4 !   Vaults:3 [   Depths:1 ?

Portals:
Hell: Depths:1 Depths:2 Depths:3 Depths:4 Depths:5
Abyss: Depths:3 Depths:4
Pandemonium: Depths:1 Depths:3 Depths:4

Annotations:
Elf:2 runed door
Depths:2 exclusion: door


Innate Abilities, Weirdness & Mutations

You can breathe wild blasts of lightning.
You can fly continuously.
Your glossy black scales are hard (AC +12).
Your body does not fit into most forms of armour.
Your wings are large and strong.
You are resistant to electric shocks.
Your cold-blooded metabolism reacts poorly to cold.
You have a pair of small horns on your head.
Your tail ends in a poisonous barb.
You are agile. (Dex +2)
You are dopey. (Int -2)


Message History

The vampire mage flickers and vanishes for a moment.
You hit the curse skull but do no damage.
You punch the curse skull, but do no damage.
The curse skull is heavily damaged.
The titan simulacrum completely misses you.
You pummel the curse skull!!
The lost soul sacrifices itself to reknit the curse skull!
You headbutt the curse skull.
You punch the curse skull, but do no damage.
The curse skull is lightly damaged.
You block the skeletal warrior's attack.
A skeletal warrior comes into view. It is wielding an enchanted halberd.
Read which item? (? for menu, Esc to quit)
As you read the scroll of teleportation, it crumbles to dust.
You feel strangely unstable.
The curse skull rattles its jaw.
The wight completely misses you. The titan simulacrum hits you!!
* * * LOW HITPOINT WARNING * * *
The titan simulacrum freezes you!!!
You die...

. #.....# .. ##...## ..
#.....# # .. . ##...## #
#z #.# #.....# # ######W
#.# ##...## # ....Znz #.#
#.....# # .....Wzz#####.#
##...## #
.....VWW@Z§...####'''####
.....ZLz#................
.....zV#..........⌠.....
########..............[.
#.........#.##...
#######.....##...
#.§....##... #.§....##.##
#......##.##


You could see a revenant, 3 skeletal warriors, a vampire mage (invisible), a
curse skull, a phantasmal warrior, a freezing wraith, a hungry ghost, a vampire,
a wraith, a necrophage, a flying skull, a wight, a titan simulacrum, a black
mamba zombie and a frost giant skeleton.

Vanquished Creatures
  An ancient lich (Depths:4)
  Boris (Depths:3)
  2 Killer Klowns (Zig:9)
  Mara (Shoals:4)
  A bone dragon (Depths:5)
  Frederick (Depths:5)
  4 tentacled monstrosities
  The ghost of flammableBen the Devastator, a mighty HuCj of Vehumet (Elf:3)
  Vashnia (Snake:2)
  2 liches
  The ghost of PolkaDot the Black Belt, a mighty DrMo of Qazlal (Snake:5)
  2 Shadow Fiends
  2 deep elf blademasters (Elf:3)
  An acid blob (Zig:7)
  2 deep elf master archers (Elf:3)
  An octopode crusher (Depths:5)
  An ancient champion (Crypt:1)
  2 sphinxes (Vaults:3)
  Rupert (Lair:5)
  2 tengu reavers
  Agnes (Shoals:4)
  A shadow dragon (Vaults:3)
  2 storm dragons (Depths:5)
  Frances (Snake:4)
  A draconian monk (Zig:3)
  Roxanne (Shoals:5)
  Ilsuiw (Shoals:5)
  8 fire giants
  6 greater nagas
  5 frost giants
  Wiglaf (Shoals:5)
  Maud (Lair:5)
  2 iron dragons
  An azure jelly (Zig:7)
  10 deep elf sorcerers
  11 vault wardens
  The ghost of Charly the Devastator, a mighty DrCj of Vehumet (Snake:4)
  Aizul (Elf:3)
  A curse skull (Depths:2)
  A ghost moth (Zig:5)
  Gastronok (Lair:2)
  3 emperor scorpions
  6 reapers (Depths:4)
  3 balrugs (Zig:8)
  An angel (Depths:3)
  A draconian zealot (Depths:5)
  3 ghouls (Crypt:1)
  11 ironheart preservers
  A stone giant (shapeshifter) (Zig:9)
  A draconian caller (Depths:5)
  15 very ugly things
  10 deep elf demonologists
  2 grey draconians
  7 rakshasas
  A war gargoyle (Vaults:3)
  18 stone giants
  A vampire knight (Depths:2)
  2 mottled draconians (Depths:5)
  9 purple draconians (WizLab)
  A white draconian (Zig:3)
  A pale draconian (Depths:5)
  4 deep elf annihilators (Elf:3)
  2 caustic shrike zombies
  4 dire elephants
  A chaos champion (Zig:9)
  A green death (Zig:9)
  6 jiangshi (Crypt:1)
  17 deep elf death magi
  6 merfolk javelineers
  The ghost of Tyryt0 the Protected, a powerful DsFi of Trog (Shoals:1)
  An eidolon (Zig:1)
  8 fire dragons
  9 death oozes
  5 ettins
  24 vault guards
  2 quicksilver dragon zombies
  11 merfolk impalers
  Josephine (Snake:1)
  12 yaktaur captains
  3 mummy priests
  5 minotaurs
  2 caustic shrike skeletons
  2 deep elf high priests (Elf:3)
  Fannar (Lair:1)
  8 hydras
  12 ice dragons
  20 great orbs of eyes
  14 naga warriors
  6 merfolk avatars
  A spriggan air mage (Depths:2)
  9 statues (WizLab)
  10 centaur warriors
  A hell beast (Depths:1)
  27 ogre magi
  A death knight (Crypt:1)
  13 anacondas
  2 dancing weapons (Elf:2)
  7 deep troll earth magi
  2 merfolk aquamancers (Shoals:5)
  37 death yaks
  3 orc high priests (Orc:4)
  A tengu warrior (D:14)
  2 titan zombies (Depths:4)
  2 satyrs (Shoals:5)
  8 deep troll shamans
  2 spriggan berserkers
  2 hell hogs (Zig:8)
  4 vampire magi
  5 large abominations (Depths:4)
  A storm dragon zombie (Depths:4)
  17 naga sharpshooters
  6 shock serpents
  13 soul eaters
  2 shadow wraiths (Vaults:4)
  22 deep elf knights
  2 catoblepae
  A titan skeleton (Depths:4)
  2 fire crabs (Vaults:3)
  A spectral elf (Depths:3)
  An iron troll (Depths:2)
  3 unseen horrors
  2 death scarabs (Zig:4)
  24 skeletal warriors
  A storm dragon skeleton (Depths:4)
  A sun demon (Depths:1)
  14 sea snakes
  3 flayed ghosts
  22 deep trolls
  2 anaconda zombies
  3 golden dragon skeletons (Depths:4)
  2 golden dragon zombies (Depths:4)
  4 necromancers
  13 orc knights
  10 deep elf summoners
  An obsidian statue (Depths:1)
  9 naga ritualists
  16 harpies
  2 tengu zombies (Depths:4)
  4 giant orange brains
  Pikel (D:6)
  2 lindwurms
  A shadow dragon zombie (Depths:4)
  6 ironbrand convokers
  An anaconda skeleton (Snake:1)
  A harpy (shapeshifter) (Vaults:2)
  18 deep elf conjurers
  12 griffons
  2 phantasmal warriors (Crypt:1)
  A wolf spider zombie (D:14)
  8 fauns
  3 hornets
  7 wizards
  29 ugly things
  A shining eye (Zig:7)
  12 hill giants
  2 wolf spiders
  5 water nymphs
  9 orc sorcerers
  12 elephants
  3 fire giant zombies
  An orb spider (Zig:5)
  A moth of wrath (shapeshifter) (Depths:1)
  An iron dragon skeleton (Depths:4)
  2 draconians (shapeshifter)
  10 salamanders
  A naga zombie (Snake:1)
  9 mana vipers
  10 cyclopes
  A sphinx skeleton (Depths:4)
  A drowned soul (Shoals:4)
  2 spriggan zombies (Depths:4)
  29 naga magi
  14 manticores
  Maurice (D:8)
  An eye of devastation (Vaults:3)
  4 gargoyles
  17 sirens
  A fire giant skeleton (Depths:4)
  8 vault sentinels
  A smoke demon (Depths:1)
  55 black mambas
  A hellion (Zig:8)
  An orange crystal statue (Depths:2)
  4 molten gargoyles
  A torpor snail (shapeshifter) (Zig:2)
  A torpor snail (Lair:6)
  2 spriggan skeletons (Depths:4)
  Psyche (D:8)
  6 centaur skeletons
  12 komodo dragons
  2 guardian serpents
  5 demonic crawlers
  A komodo dragon (shapeshifter) (Vaults:4)
  17 spiny frogs
  A tormentor (Elf:3)
  9 small abominations
  A shock serpent skeleton (Crypt:1)
  A yaktaur zombie (Vaults:2)
  2 kobold demonologists
  3 golden dragon simulacra
  6 fire drakes
  A black draconian skeleton (Crypt:1)
  4 hellwings
  A red draconian skeleton (Crypt:1)
  A jumping spider (Elf:1)
  43 yaktaurs
  14 deep elf priests
  2 wind drakes
  A blue devil (Depths:1)
  43 merfolk
  A purple draconian skeleton (Crypt:1)
  A polar bear (shapeshifter) (Vaults:2)
  4 guardian mummies
  11 trolls
  A silent spectre (Crypt:1)
  2 polar bears
  The ghost of Tyryt0 the Skirmisher, an average DsFi of Gozag (D:5)
  2 giant leeches (Lair:8)
  3 tengu conjurers
  Grinder (D:4)
  23 blink frogs
  4 red devils
  2 sphinx simulacra (Depths:4)
  5 fire vortices (Volcano)
  38 slime creatures
  6 freezing wraiths
  An ettin zombie (Vaults:3)
  3 boulder beetles
  10 snapping turtles
  A spectral human (Vaults:3)
  A spriggan (shapeshifter) (Depths:2)
  7 ravens
  23 two-headed ogres
  A spriggan (Depths:4)
  A black mamba zombie (Snake:1)
  4 basilisks
  9 water elementals
  A shadow (D:15)
  3 fire elementals (Volcano)
  2 flying skulls
  12 redbacks
  42 deep elf magi
  2 air elementals (Depths:2)
  6 orc zombies
  35 deep elf fighters
  A black mamba skeleton (Snake:1)
  A tarantella (Elf:2)
  3 elf zombies
  19 yaks
  3 vampires
  4 wraiths
  10 wargs
  15 vampire mosquitoes
  2 wyverns (Lair:4)
  A yaktaur simulacrum (Vaults:1)
  8 hippogriffs
  8 wolves
  The ghost of PolkaDot the Insei, an average OpMo (D:4)
  2 chaos spawn (Zig:2)
  A mottled dragon (Vaults:1)
  2 hungry ghosts
  Menkaure (D:4)
  27 water moccasins
  29 orc warriors
  9 porcupines
  73 nagas
  A naga skeleton (Snake:1)
  A slave (D:6)
  3 human skeletons
  A soldier ant (D:13)
  4 spiders (Shoals:5)
  4 ice beasts
  26 centaurs
  62 ogres
  3 black bears
  2 wasps
  5 sky beasts
  5 eyes of draining
  12 crocodiles
  3 necrophages
  4 boggarts
  A brain worm (D:9)
  5 big kobolds
  5 gnoll sergeants
  Blork the orc (D:7)
  39 giant frogs
  A glowing shapeshifter simulacrum (Depths:4)
  A wyvern zombie (D:13)
  4 scorpions
  A water moccasin skeleton (Snake:1)
  A yak zombie (Crypt:1)
  21 killer bees
  10 electric eels
  8 wights
  7 centaur zombies
  2 giant frog zombies
  14 crimson imps
  A goliath beetle (shapeshifter) (Depths:3)
  5 lava snakes (Lair:6)
  2 gnoll shamans (D:10)
  12 hounds
  3 quasits
  18 iguanas
  A giant frog skeleton (D:12)
  A human zombie (Crypt:1)
  3 iron imps
  15 jellies
  35 orc wizards
  4 hell rats
  An elf skeleton (Vaults:2)
  23 orc priests
  Natasha (thrice) (D:3)
  9 worker ants
  17 sheep
  A mottled dragon zombie (Crypt:1)
  16 mummies
  3 worker ant zombies
  23 adders
  30 gnolls
  47 river rats
  2 giant mites (Shoals:5)
  5 shadow imps
  3 white imps
  4 worms
  2 adder skeletons
  An iguana zombie (D:6)
  3 giant geckos
  10 oozes
  168 orcs
  4 ball pythons
  11 bats
  11 goblins
  14 hobgoblins
  26 jackals
  25 kobolds
  10 quokkas
  A ball python skeleton (D:4)
  5 giant cockroaches
  A giant gecko zombie (D:4)
  4 giant newts
  A jackal skeleton (D:8)
  A quokka skeleton (D:9)
  A quokka zombie (D:7)
  17 rats
  4 bushes
  3 crawling corpses
  81 fungi
  66 plants
2712 creatures vanquished.

Vanquished Creatures (collateral kills)
  A golden eye (Zig:7)
  3 jellies (Zig:7)
4 creatures vanquished.

Vanquished Creatures (others)
  2 ironheart preservers (Vaults:3)
  An ettin (Depths:2)
  A deep elf death mage (Depths:4)
  A fulminant prism (Elf:3)
  A vampire mage (Vaults:3)
  A spriggan berserker (Depths:4)
  An orb spider (Zig:5)
  2 wizards
  A fire giant zombie (Vaults:3)
  9 drowned souls
  A smoke demon (Orc:4)
  2 air elementals
  A vampire (D:13)
  A deep elf mage (WizLab)
  2 spriggans (Depths:4)
  17 spiders (Shoals:5)
  2 wasps (Depths:4)
  An ogre (D:6)
  A boggart (Depths:1)
  10 lost souls
  A hound (D:6)
  An iguana (D:13)
  An adder (Lair:8)
  A giant mite (Shoals:5)
  5 fungi
  8 plants
  8 tentacles (Shoals:5)
  16 tentacle segments (Shoals:5)
99 creatures vanquished.

Grand Total: 2815 creatures vanquished

Notes
Turn   | Place    | Note
--------------------------------------------------------------
     0 | D:1      | PolkaDot, the Draconian Monk, began the quest for the Orb.
     0 | D:1      | Reached XP level 1. HP: 19/19 MP: 1/1
     6 | D:1      | Noticed a komodo dragon
     6 | D:1      | Noticed a polar bear
     6 | D:1      | Noticed a salamander
    10 | D:1      | Noticed a hound
   319 | D:1      | Reached XP level 2. HP: 26/26 MP: 2/2
   933 | D:2      | Reached XP level 3. HP: 33/33 MP: 3/3
  1604 | D:3      | Reached XP level 4. HP: 25/40 MP: 4/4
  1788 | D:3      | Noticed Natasha
  1797 | D:3      | Killed Natasha
  1857 | D:3      | Reached skill level 5 in Unarmed Combat
  2089 | D:3      | Noticed Natasha
  2104 | D:3      | Killed Natasha
  2104 | D:3      | Reached XP level 5. HP: 24/47 MP: 5/5
  2235 | D:3      | Noticed Natasha
  2238 | D:3      | Killed Natasha
  3180 | D:4      | Noticed PolkaDot's ghost (average OpMo)
  3238 | D:4      | Killed PolkaDot's ghost
  3238 | D:4      | Reached skill level 5 in Fighting
  3238 | D:4      | Reached skill level 6 in Unarmed Combat
  3238 | D:4      | Reached XP level 6. HP: 10/56 MP: 6/6
  3576 | D:4      | Noticed Grinder
  3590 | D:4      | Paralysed by Grinder for 3 turns
  3607 | D:4      | Killed Grinder
  3607 | D:4      | Your scales start taking on a glossy black colour.
  3607 | D:4      | Gained mutation: You are resistant to electric shocks. [draconian maturity]
  3607 | D:4      | Reached XP level 7. HP: 35/61 MP: 7/7
  3715 | D:4      | Found a stormy altar of Qazlal.
  3896 | D:4      | Noticed Menkaure
  3904 | D:4      | Killed Menkaure
  3904 | D:4      | Reached skill level 7 in Unarmed Combat
  4066 | D:4      | Became a worshipper of Qazlal Stormbringer
  4066 | D:4      | Acquired Qazlal's first power
  4066 | D:4      | Acquired Qazlal's second power
  4114 | D:5      | Entered Level 5 of the Dungeon
  4116 | D:5      | Noticed Tyryt0's ghost (average DsFi)
  4136 | D:5      | Killed Tyryt0's ghost
  4450 | D:5      | Reached skill level 5 in Dodging
  4450 | D:5      | Reached XP level 8. HP: 68/70 MP: 8/8
  4498 | D:5      | Reached skill level 8 in Unarmed Combat
  5133 | D:6      | Gained mutation: You are dopey. (Int -2) [potion of mutation]
  5133 | D:6      | Gained mutation: You are agile. (Dex +2) [potion of mutation]
  5133 | D:6      | Gained mutation: Your tail ends in a poisonous barb. [potion of mutation]
  5577 | D:6      | Noticed Pikel
  5580 | D:6      | Killed Pikel
  5580 | D:6      | Reached skill level 9 in Unarmed Combat
  5580 | D:6      | Reached XP level 9. HP: 71/79 MP: 9/9
  5886 | D:6      | Found Gremax's Armour Emporium.
  5928 | D:6      | Found an opulent altar of Gozag.
  5996 | D:6      | Found a deep blue altar of Sif Muna.
  6120 | D:6      | Bought a +0 cloak for 63 gold pieces
  6166 | D:7      | Found a shattered altar of Ashenzari.
  6205 | D:7      | Found a stormy altar of Qazlal.
  6205 | D:7      | Found a radiant altar of Vehumet.
  6285 | D:7      | Acquired Qazlal's third power
  6604 | D:7      | Reached skill level 10 in Unarmed Combat
  6631 | D:7      | Noticed a hill giant
  6647 | D:7      | Killed a hill giant
  6810 | D:7      | Noticed Blork the orc
  6826 | D:7      | Killed Blork the orc
  7020 | D:7      | Reached XP level 10. HP: 90/90 MP: 10/10
  7193 | D:7      | Found a staircase to the Ecumenical Temple.
  7293 | D:8      | Noticed Maurice
  7313 | D:8      | Killed Maurice
  7313 | D:8      | Reached skill level 11 in Unarmed Combat
  7389 | D:8      | Noticed Psyche
  7390 | D:8      | Found a staircase to the Lair.
  7398 | D:8      | Killed Psyche
  7445 | D:8      | Acquired Qazlal's fourth power
  8279 | D:9      | Noticed a skeletal warrior
  8291 | D:9      | Noticed a hill giant
  8326 | D:9      | Killed a hill giant
  8345 | D:9      | Reached skill level 12 in Unarmed Combat
  8362 | D:9      | Reached skill level 10 in Fighting
  8444 | D:9      | Killed a skeletal warrior
  8568 | D:9      | Reached XP level 11. HP: 94/100 MP: 11/11
  8581 | D:9      | You fall through a shaft!
  8581 | D:10     | Entered Level 10 of the Dungeon
  8658 | D:10     | Acquired Qazlal's fifth power
  8755 | D:10     | Noticed a hill giant
  8763 | D:10     | Killed a hill giant
  9165 | D:10     | Found Zovoybei's General Store.
  9319 | D:10     | Found Chowian's Weapon Shoppe.
  9730 | D:9      | Reached skill level 13 in Unarmed Combat
  9738 | D:9      | Noticed a centaur warrior
  9753 | D:9      | Killed a centaur warrior
 10256 | D:9      | Noticed a hill giant
 10275 | D:9      | Killed a hill giant
 10565 | D:9      | Noticed a great orb of eyes
 10566 | D:9      | Noticed a harpy
 10575 | D:9      | Killed a great orb of eyes
 10587 | D:9      | Killed a harpy
 10762 | Lair:1   | Entered Level 1 of the Lair of Beasts
 10900 | Lair:1   | Noticed Fannar
 10921 | Lair:1   | Killed Fannar
 10921 | Lair:1   | Reached skill level 14 in Unarmed Combat
 10921 | Lair:1   | Reached XP level 12. HP: 70/110 MP: 12/12
 11683 | Lair:2   | Noticed Gastronok
 11702 | Lair:2   | Killed Gastronok
 12284 | Lair:3   | Reached skill level 10 in Dodging
 12817 | Lair:3   | Found a staircase to the Shoals.
 12873 | Lair:3   | Reached skill level 15 in Unarmed Combat
 14047 | Lair:5   | Noticed Maud
 14066 | Lair:5   | Noticed Rupert
 14079 | Lair:5   | Found a staircase to the Snake Pit.
 14107 | Lair:5   | Killed Rupert
 14107 | Lair:5   | Reached skill level 1 in Invocations
 14107 | Lair:5   | Reached XP level 13. HP: 53/119 MP: 12/15
 14120 | Lair:5   | Killed Maud
 14392 | Lair:5   | Identified a scroll of acquirement
 14760 | Lair:5   | Reached skill level 16 in Unarmed Combat
 15704 | Lair:6   | Reached skill level 5 in Invocations
 16097 | Lair:6   | Found a staircase to the Slime Pits.
 16098 | Lair:6   | Found a viscous altar of Jiyva.
 17720 | Lair:8   | Entered Level 8 of the Lair of Beasts
 17736 | Lair:8   | Gained mutation: Your wings are large and strong. [draconian growth]
 17736 | Lair:8   | Reached XP level 14. HP: 125/129 MP: 24/24
 17907 | Lair:8   | Reached skill level 17 in Unarmed Combat
 18520 | Lair:8   | Got a pair of crude gloves
 18531 | Lair:8   | Identified the cursed +0 pair of gloves of the Dice {+Rage Slay+3} (You found it on level 8 of the Lair of Beasts)
 19070 | D:11     | Found Ypuc's Magic Scroll Boutique.
 19126 | D:11     | Found a staircase to the Orcish Mines.
 19347 | D:11     | Found Mnaup's Armour Emporium.
 19476 | D:11     | Found Awnou's Food Shop.
 19540 | D:11     | Found Wudwuluf's Jewellery Emporium.
 19765 | D:11     | Found Blaimuil's Magic Scroll Boutique.
 20236 | D:12     | Learned a level 1 spell: Apportation
 21247 | D:13     | Reached skill level 18 in Unarmed Combat
 21398 | D:13     | Reached XP level 15. HP: 134/139 MP: 27/27
 21439 | D:13     | Found a gate to the Vaults.
 23192 | D:14     | Reached skill level 15 in Fighting
 23322 | D:15     | Entered Level 15 of the Dungeon
 23705 | D:15     | Reached skill level 10 in Invocations
 23752 | D:15     | Found Ucry's Antique Armour Shop.
 24050 | D:15     | Found a staircase to the Depths.
 24272 | Orc:1    | Entered Level 1 of the Orcish Mines
 24607 | Orc:1    | Found Offubyuh's Book Emporium.
 24767 | Orc:3    | Found Qoicver's Antique Armour Shoppe.
 24792 | Orc:3    | Found Wymanniz's Antique Armour Shop.
 24823 | Orc:3    | Found a dark tunnel.
 24828 | Volcano  | Entered a volcano
 24838 | Volcano  | Reached skill level 19 in Unarmed Combat
 25155 | Orc:3    | Found Cliunimiu's General Store.
 25278 | Orc:3    | Found Twaxonog's Gadget Shoppe.
 25285 | Orc:3    | Bought a lantern of shadows for 340 gold pieces
 25315 | Orc:3    | Found Eskaubul's Distillery.
 25622 | Orc:4    | Entered Level 4 of the Orcish Mines
 25639 | Orc:4    | Found a staircase to the Elven Halls.
 25660 | Orc:4    | Found Plasear's Magic Scroll Boutique.
 25893 | Orc:4    | Found Twuu's Armour Boutique.
 25893 | Orc:4    | Found Cuott's Book Boutique.
 25898 | Orc:4    | Found Ymmecuesm's General Store.
 25903 | Orc:4    | Found Xuakhua's Gadget Shoppe.
 26959 | Shoals:1 | Entered Level 1 of the Shoals
 26980 | Shoals:1 | Noticed Tyryt0's ghost (powerful DsFi)
 27011 | Shoals:1 | Killed Tyryt0's ghost
 27013 | Shoals:1 | Reached skill level 1 in Translocations
 27017 | Shoals:1 | Reached XP level 16. HP: 120/151 MP: 29/29
 27405 | Shoals:1 | Learned a level 5 spell: Summon Mana Viper
 28212 | Shoals:2 | Reached skill level 20 in Unarmed Combat
 28347 | Shoals:2 | Found Ytiuloth's Gadget Shoppe.
 29885 | Shoals:4 | Noticed Agnes
 29891 | Shoals:4 | Killed Agnes
 29996 | Shoals:4 | Reached skill level 5 in Translocations
 30160 | Shoals:4 | Learned a level 2 spell: Blink
 30474 | Shoals:4 | Found Shroomyr's Book Shop.
 30496 | Shoals:4 | Bought a book of Transfigurations for 660 gold pieces
 30496 | Shoals:4 | Bought a book of Control for 780 gold pieces
 30501 | Shoals:4 | Learned a level 4 spell: Control Teleport
 30509 | Shoals:5 | Entered Level 5 of the Shoals
 30590 | Shoals:5 | Noticed Mara
 30599 | Shoals:5 | Noticed PolkaDot's illusion
 30638 | Shoals:4 | Killed Mara
 30821 | Shoals:5 | Reached skill level 1 in Charms
 30912 | Shoals:5 | Reached XP level 17. HP: 144/160 MP: 30/30
 30954 | Shoals:5 | Noticed Ilsuiw
 31298 | Shoals:5 | Killed Ilsuiw
 31456 | Shoals:5 | Noticed Wiglaf
 31478 | Shoals:5 | Killed Wiglaf
 31554 | Shoals:5 | Noticed Roxanne
 31577 | Shoals:5 | Killed Roxanne
 31639 | Shoals:5 | Reached skill level 5 in Charms
 31972 | Shoals:5 | Identified Sif Muna's Incunabulum of the Rocks
 32035 | Shoals:5 | Got a barnacled rune of Zot
 32625 | Vaults:1 | Entered Level 1 of the Vaults
 34503 | Vaults:2 | Reached XP level 18. HP: 152/171 MP: 30/30
 35612 | Vaults:2 | Found a staircase to the Crypt.
 36758 | Vaults:3 | Reached skill level 10 in Translocations
 37328 | Vaults:3 | Reached XP level 19. HP: 181/181 MP: 31/31
 37372 | Vaults:3 | Found Dufon's Antique Armour Shoppe.
 38092 | Vaults:3 | Reached skill level 21 in Unarmed Combat
 38290 | Vaults:3 | Got an ancient silver ring
 38292 | Vaults:3 | Identified the ring "Kuzxa" {Wiz Int+2 Dex+3} (You found it on level 3 of the Vaults)
 38311 | Vaults:3 | Identified Sif Muna's Almanac of Ice (You found it on level 3 of the Vaults)
 39486 | Vaults:4 | Reached XP level 20. HP: 78/191 MP: 32/32
 40252 | Elf:1    | Entered Level 1 of the Elven Halls
 40937 | Elf:1    | Found a deep blue altar of Sif Muna.
 41167 | Elf:1    | Found Efakixte's Weapon Emporium.
 41246 | Elf:1    | Got a brightly glowing cloak
 41257 | Elf:1    | Identified the -4 cloak of Ethics {Str+1 Dex+3} (You acquired it on level 1 of the Elven Halls)
 41423 | Elf:2    | Reached skill level 22 in Unarmed Combat
 41688 | Elf:2    | Found a runed gate.
 41688 | Elf:2    | Found a runed gate.
 41689 | Elf:2    | Found a runed gate.
 41902 | Elf:3    | Entered Level 3 of the Elven Halls
 41902 | Elf:3    | Noticed flammableBen's ghost (mighty HuCj)
 41924 | Elf:3    | Killed flammableBen's ghost
 42297 | Elf:3    | Noticed Aizul
 42309 | Elf:3    | Killed Aizul
 43425 | Elf:3    | Got a wavering silver ring
 43427 | Elf:3    | Identified the ring of Vihulidu {Ice Str+3 Dex-3} (You took it off a deep elf annihilator on level 3 of the Elven Halls)
 43434 | Elf:3    | Identified a +0 rod of shadows (3/12) (You took it off a deep elf annihilator on level 3 of the Elven Halls)
 43491 | Elf:3    | Learned a level 7 spell: Dragon Form
 43530 | Elf:3    | Reached skill level 1 in Transmutations
 44021 | Elf:3    | Got a pair of slimy gloves
 44022 | Elf:3    | Identified the +1 pair of gloves "Neud" {+Inv Int+3 Stlth+} (You found it on level 3 of the Elven Halls)
 44035 | Elf:3    | Identified the Guide on Sinister Magic
 44467 | Depths:1 | Entered Level 1 of the Depths
 44521 | Depths:1 | Reached skill level 15 in Dodging
 44529 | Depths:1 | Reached XP level 21. HP: 181/201 MP: 32/32
 44577 | Depths:1 | Found Boataw's Magic Scroll Shoppe.
 44792 | Depths:1 | Found a gateway to Hell.
 44938 | Depths:1 | Reached skill level 5 in Transmutations
 45201 | Depths:1 | Reached skill level 23 in Unarmed Combat
 45607 | Depths:1 | Found a one-way gate leading to the halls of Pandemonium.
 45657 | Depths:1 | Found an ancient bone altar of Kikubaaqudgha.
 46109 | Depths:2 | Upgraded the game from 0.16-a0-3521-gb1b4986 to 0.16-a0-3533-gc382f62
 46623 | Depths:2 | Noticed an ancient lich
 47179 | Depths:2 | Reached skill level 10 in Transmutations
 47554 | Depths:3 | Noticed Boris
 47561 | Depths:2 | Reached XP level 22. HP: 184/209 MP: 33/33
 47630 | Depths:3 | Found a magical portal.
 47640 | WizLab   | Entered Iskenderun's Mystic Tower
 48512 | WizLab   | Identified Iskenderun's Almanac of Earthen Confrontation
 48512 | WizLab   | Identified Iskenderun's Grimoire of Blistering Combat Magic
 48654 | Depths:3 | Paralysed by a great orb of eyes for 5 turns
 48783 | Depths:3 | Killed Boris
 48831 | Depths:3 | Found a one-way gate to the infinite horrors of the Abyss.
 48951 | Depths:3 | Found a deep blue altar of Sif Muna.
 48999 | Depths:3 | Identified the Collected Works on Vitriolic Aid
 49004 | Depths:3 | Identified Mnitront's Papyrus of the Freezing Escort (You found it on level 3 of the Depths)
 49015 | Depths:3 | Identified a +0 rod of inaccuracy (13/13) (You found it on level 3 of the Depths)
 49076 | Depths:3 | Identified the Almanac of the Earthen Escort
 49258 | Depths:3 | Found a gateway to a ziggurat.
 49420 | Depths:3 | Gained mutation: You have a pair of small horns on your head. [potion of beneficial mutation]
 49572 | Depths:3 | Identified the Papyrus of Boosting Displacement
 50313 | Depths:4 | Noticed an ancient lich
 50315 | Depths:4 | Found an ancient bone altar of Kikubaaqudgha.
 50334 | Depths:4 | Killed an ancient lich
 50868 | Depths:4 | Reached XP level 23. HP: 214/215 MP: 33/33
 51217 | Depths:5 | Entered Level 5 of the Depths
 51373 | Depths:5 | Reached skill level 24 in Unarmed Combat
 52015 | Depths:5 | Reached skill level 15 in Transmutations
 52167 | Depths:5 | Found a gate to the Realm of Zot.
 52212 | Depths:5 | Noticed Frederick
 52231 | Depths:5 | Killed Frederick
 52641 | Depths:5 | Learned a level 3 spell: Regeneration
 53265 | Snake:1  | Entered Level 1 of the Snake Pit
 53266 | Snake:1  | Noticed Josephine
 53277 | Snake:1  | Killed Josephine
 54540 | Snake:2  | Noticed Vashnia
 54561 | Snake:2  | Killed Vashnia
 54658 | Snake:2  | Found a bloodstained altar of Trog.
 56540 | Snake:4  | Noticed Frances
 56554 | Snake:4  | Killed Frances
 56564 | Snake:4  | Reached XP level 24. HP: 177/224 MP: 34/34
 56569 | Snake:4  | Noticed Charly's ghost (mighty DrCj)
 56585 | Snake:4  | Killed Charly's ghost
 56854 | Snake:4  | Found Gonoa's Distillery.
 57115 | Snake:5  | Entered Level 5 of the Snake Pit
 57338 | Snake:5  | Noticed PolkaDot's ghost (mighty DrMo)
 57363 | Snake:5  | Killed PolkaDot's ghost
 58341 | Snake:5  | Got a serpentine rune of Zot
 58807 | Orc:1    | Bought a book of the Tempests for 910 gold pieces
 58883 | Orc:4    | Bought a scroll of amnesia for 56 gold pieces
 59093 | Vaults:1 | Learned a level 6 spell: Haste
 59245 | Zig:1    | Entered Level 1 of a ziggurat
 59261 | Zig:2    | Entered Level 2 of a ziggurat
 59264 | Zig:2    | Paralysed by a chaos spawn for 4 turns
 59270 | Zig:2    | Reached skill level 1 in Spellcasting
 59338 | Zig:3    | Entered Level 3 of a ziggurat
 59381 | Zig:3    | Identified the Tome of Excruciating Fascination (You found it on level 3 of a ziggurat)
 59387 | Zig:4    | Entered Level 4 of a ziggurat
 59650 | Zig:5    | Entered Level 5 of a ziggurat
 59717 | Zig:5    | Got a steaming ivory ring
 59719 | Zig:5    | Identified the ring "Humow" {rC+ Str+2} (You found it on level 5 of a ziggurat)
 59722 | Zig:5    | Got a warped turquoise ring
 59724 | Zig:5    | Identified the ring of Ibefae {rC- MR+ Slay+6 SInv} (You found it on level 5 of a ziggurat)
 59911 | Zig:6    | Entered Level 6 of a ziggurat
 59997 | Zig:7    | Entered Level 7 of a ziggurat
 60055 | Zig:7    | Got a glittering bone ring
 60055 | Zig:7    | Identified Iskenderun's Volume of Battle Magic (You found it on level 7 of a ziggurat)
 60061 | Zig:7    | Identified the ring of Smixeip {rPois Str+3 Stlth+} (You found it on level 7 of a ziggurat)
 60204 | Zig:8    | Entered Level 8 of a ziggurat
 60378 | Zig:9    | Entered Level 9 of a ziggurat
 60383 | Zig:9    | Noticed Gengatt the pandemonium lord
 60416 | Zig:9    | Got a glittering brass ring
 60671 | Depths:3 | Identified the ring of Maweapif {rF+ Int+2} (You found it on level 9 of a ziggurat)
 60900 | Crypt:1  | Entered Level 1 of the Crypt
 61637 | Crypt:1  | Slain by a titan simulacrum

Action                   |  1- 3 |  4- 6 |  7- 9 | 10-12 | 13-15 | 16-18 | 19-21 | 22-24 || total
-------------------------+-------+-------+-------+-------+-------+-------+-------+-------++-------
Melee: Unarmed           |   128 |   268 |   345 |  1035 |  1365 |  1600 |  1792 |  1906 ||  8439
 Cast: Apportation       |       |       |       |       |       |     7 |       |     2 ||     9
       Blink             |       |       |       |       |       |       |     2 |     1 ||     3
       Control Teleport  |       |       |       |       |       |       |     1 |     1 ||     2
       Dragon Form       |       |       |       |       |       |       |       |    16 ||    16
Invok: Disaster Area     |       |       |       |       |     1 |       |       |       ||     1
 Abil: Breathe Lightning |       |       |     5 |     8 |     7 |     7 |     9 |     3 ||    39
       Fly               |       |       |       |       |     1 |       |       |       ||     1
       End Transformatio |       |       |       |       |       |       |       |     1 ||     1
Evoke: Wand              |       |       |     3 |     2 |     1 |    17 |     8 |     6 ||    37
       Sack of spiders   |       |       |       |       |       |    12 |       |       ||    12
       Fan of gales      |       |       |       |       |       |     1 |       |     1 ||     2
  Use: Potion            |     1 |     7 |     5 |     7 |     4 |    13 |       |    12 ||    49
       Scroll            |       |       |    10 |     9 |    20 |    11 |    12 |     8 ||    70
 Stab: Sleeping          |     2 |     3 |       |       |       |       |       |       ||     5
       Invisible         |       |     8 |     3 |       |       |       |       |       ||    11
       Petrified         |       |       |       |       |     3 |       |     3 |       ||     6
       Petrifying        |       |       |       |       |     3 |       |     1 |       ||     4
       Distracted        |       |       |       |       |       |     1 |       |       ||     1
  Eat: Chunk             |     2 |     7 |     5 |    30 |    17 |    39 |    22 |    34 ||   156
       Bread ration      |       |       |     2 |       |     8 |       |     3 |     3 ||    16
       Fruit             |       |       |       |       |     1 |     1 |     3 |     2 ||     7
       Meat ration       |       |       |       |       |       |     1 |     2 |     5 ||     8
       Pizza             |       |       |       |       |       |       |       |     1 ||     1
